 Dungeon Crawl Stone Soup version 0.20-a0-942-ga5226df (webtiles) character file.

280 Deemzul the Chopper (level 6, 0/48 HPs)
             Began as a Demonspawn Fighter on Apr 1, 2017.
             Killed from afar by an orc wizard (1 damage)
             ... with a magic dart
             ... on level 3 of the Dungeon.
             The game lasted 00:03:48 (2740 turns).

Deemzul the Chopper (Demonspawn Fighter)            Turns: 2740, Time: 00:03:49

Health: 0/48       AC:  7    Str: 18    XL:     6   Next: 5%
Magic:  0/6        EV:  8    Int:  9    God:
Gold:   172        SH:  9    Dex: 13    Spells: 5/5 levels left

rFire    . . .     SeeInvis .   b - +0 hand axe (chop)
rCold    . . .     Gourm    .   c - +0 shield
rNeg     . . .     Faith    .   g - +0 ring mail (curse)
rPois    .         Spirit   +   (helmet restricted)
rElec    .         Reflect  .   (no cloak)
rCorr    .         Harm     .   (no gloves)
MR       .....                  (no boots)
Stlth    ++........             (no amulet)
Regen    0.2/turn               e - ring of stealth (curse)
MPRegen  0.1/turn               (no ring)

@: no status effects
A: antennae 1, yellow scales 1, powered by pain 1, magic shield
a: no special abilities


You were on level 3 of the Dungeon.
You were not hungry.

You visited 1 branch of the dungeon, and saw 3 of its levels.

You collected 172 gold pieces.

Inventory:

Hand Weapons
 a - a +0 war axe
 b - a +0 hand axe of chopping (weapon)
Armour
 c - a +0 shield (worn)
 g - a cursed +0 ring mail (worn)
Jewellery
 e - a cursed ring of stealth (left hand)
Scrolls
 i - 3 scrolls of fog {unknown}
 j - a scroll of recharging {unknown}
 o - a scroll of teleportation
Potions
 d - a potion of might
 n - a potion of brilliance
Comestibles
 f - 4 bread rations
 h - 4 meat rations
 k - 3 fruits
 m - a royal jelly


   Skills:
 + Level 4.0 Fighting
 * Level 4.0 Axes
 + Level 3.3 Armour
 + Level 3.7 Shields


You had 5 spell levels left.
You didn't know any spells.

Dungeon Overview and Level Annotations

Branches:
Dungeon (3/15)

Altars:
Vehumet


Innate Abilities, Weirdness & Mutations

You have a pair of small antennae on your head.
You are partially covered in yellow scales. (AC +2)
You sometimes gain a little power by taking damage.
When hurt, damage is shared between your health and your magic reserves.


Message History

A puff of frost appears from out of thin air!
The puff of frost hits you!
* * * LOW HITPOINT WARNING * * *
You block the orc's attack. You block something's attack.
Unknown command.
Unknown command.
You hit the orc but do no damage.
The orc is severely wounded.
You hit something but do no damage. The orc hits you with a morningstar!
* * * LOW HITPOINT WARNING * * *
Something hits you but does no damage.
Unknown command.
Unknown command.
Unknown command.
You miss something. You hit the orc but do no damage.
The orc hits you but does no damage.
You hear some strange, mumbled words.
A magic dart appears from out of thin air!
The magic dart hits you!
You die...

##.#.## ####.#.............#
##.###.####........#.#######.#
#.## ##............#.# #.#
#..###..##.........#.# #.#
#.#<#.#.##.........#.# #.#
#.##.##.###....#.###.# #.#
#.##.##.# ####.......# #.###
#.##.##.# ###o##### #...#
#.....(.# #)@.# ###.#
####.#### #.){).# #.# # #.#.##
#.......# #.#
####....####..>......# #.#
.....[.....+.........+ #.#
####....####.........# #.# #
##..## ##.......## #.# # #.##
##.....## #.# #.# ... ###>##


You could see an orc.

Vanquished Creatures
  An orc priest (D:3)
  2 orc wizards (D:3)
  Terence (D:2)
  2 gnolls (D:3)
  9 adders
  An ooze (D:1)
  3 leopard geckos (D:1)
  4 orcs (D:3)
  A ball python (D:1)
  3 giant cockroaches
  6 goblins
  5 hobgoblins
  4 jackals (D:3)
  A quokka (D:2)
  10 bats
  3 frilled lizards
  4 kobolds
  5 rats
65 creatures vanquished.

Notes
Turn   | Place    | Note
-------+----------+-------------------------------------------
     0 | D:1      | Deemzul the Demonspawn Fighter began the quest for the Orb.
     0 | D:1      | Reached XP level 1. HP: 18/18 MP: 1/1
   150 | D:1      | Gained mutation: You sometimes gain a little power by taking damage. [demonic ancestry]
   150 | D:1      | Reached XP level 2. HP: 18/24 MP: 2/2
   667 | D:2      | Gained mutation: You are partially covered in yellow scales. (AC +2) [demonic ancestry]
   667 | D:2      | Reached XP level 3. HP: 10/29 MP: 3/3
  1321 | D:2      | Noticed Terence
  1338 | D:2      | Killed Terence
  1338 | D:2      | Gained mutation: You have a pair of small antennae on your head. [demonic ancestry]
  1338 | D:2      | Reached XP level 4. HP: 33/35 MP: 4/4
  1981 | D:3      | HP: 1/35 [orc wizard/dagger (3)]
  1982 | D:3      | Reached XP level 5. HP: 1/41 MP: 5/5
  2302 | D:3      | Found a radiant altar of Vehumet.
  2385 | D:3      | Found a glowing drain.
  2737 | D:3      | Gained mutation: When hurt, damage is shared between your health and your magic reserves. [demonic ancestry]
  2737 | D:3      | Reached XP level 6. HP: 6/48 MP: 6/6
  2739 | D:3      | HP: 1/48 [orc/morningstar (4)]
  2740 | D:3      | Killed from afar by an orc wizard

Vault maps used:
D:1:      scummos_arrival_gate
D:2:      first_bread, uniq_terence
D:3:      vehumet_crystals, gup_sewer_entry_glass

Skill      XL: |  1  2  3  4  5 |
---------------+----------------+-----
Axes           | 2 3 4 |  4.0
Shields        | 3 |  3.7
Armour         | 3 |  3.3
Fighting       | 4 |  4.0

Action                   |  1- 3 |  4- 6 || total
-------------------------+-------+-------++-------
Melee: War axe           |    20 |       ||    20
       Hand axe          |   111 |   154 ||   265
  Use: Potion            |     3 |       ||     3
       Scroll            |       |     2 ||     2
  Eat: Chunk             |     1 |     5 ||     6
Armor: Ring mail         |    57 |    81 ||   138
       Scale mail        |     2 |       ||     2
Dodge: Dodged            |    51 |    49 ||   100
Block: Shield            |    69 |    82 ||   151
